 Dungeon Crawl Stone Soup version 0.30.0-5-g1a98f26d00 (webtiles) character file.

Game seed: 12392880917700827902

64 jimonade the Trooper (level 3, -5/29 HPs)
             Began as a Demonspawn Monk on May 10, 2023.
             Slain by Ijyb
             ... wielding a +6 club
              (7 damage)
             ... on level 3 of the Dungeon.
             The game lasted 00:05:26 (1863 turns).

jimonade the Trooper (Demonspawn Monk)              Turns: 1863, Time: 00:05:26

Health: -5/29      AC:  7    Str: 13    XL:     3   Next: 91%
Magic:  3/3        EV: 11    Int: 11    God:
Gold:   104        SH:  0    Dex: 15    Spells: 2/2 levels left

rFire   . . .        a - +2 dagger (pain)
rCold   . . .        d - orb {light}
rNeg    . . .        m - +0 ring mail
rPois   .            (no helmet)
rElec   .            (no cloak)
rCorr   .            (no gloves)
SInv    .            (no boots)
Will    .....        (no amulet)
Stlth   +            (no ring)
HPRegen 0.24/turn    (no ring)
MPRegen 0.08/turn

%: no passive effects
@: glowing
A: yellow scales 1, powered by death 1
a: no special abilities


You were on level 3 of the Dungeon.
You visited 1 branch of the dungeon, and saw 3 of its levels.

You collected 104 gold pieces.

Inventory:

Hand Weapons
 a - a +2 dagger of pain (weapon)
 o - a +0 short sword
 r - a +0 short sword
Missiles
 n - 19 stones (quivered)
Armour
 b - a +0 robe
 d - an orb of light (worn)
 m - a +0 ring mail (worn)
 t - a +0 plate armour
Wands
 s - a wand of flame (2)
Scrolls
 e - 2 scrolls of vulnerability {unknown}
 i - a scroll of fear {unknown}
 l - a scroll of torment {unknown}
 u - a scroll of teleportation {unknown}
Potions
 c - a potion of ambrosia
 f - 2 potions of heal wounds {unknown}
 g - a potion of might {unknown}
 h - 3 potions of lignification {unknown}
 j - 3 potions of curing {unknown}
 k - a potion of degeneration {unknown}
 p - 2 potions of haste {unknown}
 q - a potion of brilliance {unknown}
 v - a potion of flight {unknown}


   Skills:
 + Level 3.5 Fighting
 + Level 3.3 Short Blades
 + Level 0.4 Armour
 + Level 3.1 Dodging
 * Level 1.0 Poison Magic


You had 2 spell levels left.
You didn't know any spells.
Your spell library contained the following spells:

 Spells                   Type           Power      Damage    Failure   Level
 Sting                    Tmut/Pois      4%         1d3       52%         1
 Poisonous Vapours        Pois/Air       2%         N/A       67%         2
 Tukima's Dance           Hex            0%         N/A       92%         3
 Olgreb's Toxic Radiance  Pois           2%         N/A       99%         4
 Passage of Golubria      Tloc           0%         N/A       100%        4
 Iskenderun's Battlesphe  Conj           0%         2d6       100%        5
 Yara's Violent Unravell  Hex/Tmut       0%         3d3       100%        5
 Iron Shot                Conj/Erth      0%         9d1       100%        6
 Spellforged Servitor     Conj/Summ      0%         N/A       100%        7


Dungeon Overview and Level Annotations

Branches:
Dungeon (3/15)

Altars:

Shops:
D:2 :   D:3 [

Annotations:
D:3 Grinder, Ijyb


Innate Abilities, Weirdness & Mutations

You are partially covered in yellow scales. (AC +2)
You regenerate a little health from kills.


Message History

Aim: Ijyb, wielding a +6 club, wearing a +0 leather armour of fire resistance and carrying a wand of flame (20) (lightly wounded, haloed, 74% to hit)
The puff of flame hits Ijyb.
Ijyb resists.
Ijyb is lightly wounded.
Ijyb hits you with a +6 club!
Aiming: Throw Flame
Press: ? - help, Shift-Dir - straight line, f/p - Ijyb
Aim: Ijyb, wielding a +6 club, wearing a +0 leather armour of fire resistance and carrying a wand of flame (20) (lightly wounded, haloed, 74% to hit)
The puff of flame hits Ijyb.
Ijyb resists.
Ijyb is moderately wounded.
Ijyb zaps a wand.
The puff of flame hits you.
Aiming: Throw Flame
Press: ? - help, Shift-Dir - straight line, f/p - Ijyb
Aim: Ijyb, wielding a +6 club, wearing a +0 leather armour of fire resistance and carrying a wand of flame (19) (moderately wounded, haloed, 74% to hit)
The puff of flame hits Ijyb.
Ijyb resists.
Ijyb is moderately wounded.
Ijyb hits you with a +6 club.
Aiming: Throw Flame
Press: ? - help, Shift-Dir - straight line, f/p - Ijyb
Aim: Ijyb, wielding a +6 club, wearing a +0 leather armour of fire resistance and carrying a wand of flame (19) (moderately wounded, haloed, 74% to hit)
The puff of flame hits Ijyb.
Ijyb resists.
Ijyb is heavily wounded.
Ijyb misses you.
Aiming: Throw Flame
Press: ? - help, Shift-Dir - straight line, f/p - Ijyb
Aim: Ijyb, wielding a +6 club, wearing a +0 leather armour of fire resistance and carrying a wand of flame (19) (heavily wounded, haloed, 74% to hit)
The puff of flame hits Ijyb.
Ijyb resists.
Ijyb is heavily wounded.
Ijyb zaps a wand.
The puff of flame hits you.
Aiming: Throw Flame
Press: ? - help, Shift-Dir - straight line, f/p - Ijyb
Aim: Ijyb, wielding a +6 club, wearing a +0 leather armour of fire resistance and carrying a wand of flame (18) (heavily wounded, haloed, 74% to hit)
The puff of flame hits Ijyb but does no damage.
Ijyb is heavily wounded.
Ijyb hits you with a +6 club!
* * * LOW HITPOINT WARNING * * *
Aiming: Throw Flame
Press: ? - help, Shift-Dir - straight line, f/p - Ijyb
Aim: Ijyb, wielding a +6 club, wearing a +0 leather armour of fire resistance and carrying a wand of flame (18) (heavily wounded, haloed, 74% to hit)
The puff of flame misses Ijyb.
Ijyb hits you with a +6 club!
You die...

## ## ##.## .##
..#.# ..## # ##..#
...#
#.######...####
...+
#.g@..........+
...#
......######...####
..# #.### ##..# <#
#####.# ## #.....#
#.##### #.# #.# #.#


You could see Ijyb.

Vanquished Creatures
  An adder (D:2)
  2 worms
  2 orcs (D:2)
  6 endoplasms
  3 giant cockroaches
  7 goblins
  5 hobgoblins
  2 kobolds (D:2)
  A quokka (D:1)
  2 ball pythons
  5 bats
  4 frilled lizards
  2 rats (D:2)
42 creatures vanquished.

Notes
Turn   | Place    | Note
-------+----------+-------------------------------------------
     0 | D:1      | jimonade the Demonspawn Monk began the quest for the Orb.
     0 | D:1      | Reached XP level 1. HP: 18/18 MP: 1/1
   203 | D:1      | Gained mutation: You regenerate a little health from kills.
                  | [demonic ancestry]
   203 | D:1      | Reached XP level 2. HP: 23/24 MP: 2/2
   408 | D:1      | Found a faded altar of an unknown god.
   408 | D:1      | Noticed a reaper
   948 | D:2      | Gained mutation: You are partially covered in yellow
                  | scales. (AC +2) [demonic ancestry]
   948 | D:2      | Reached XP level 3. HP: 25/29 MP: 3/3
  1033 | D:2      | Found Pipisk's Book Emporium.
  1463 | D:3      | Found Qyojemej's Armour Boutique.
  1578 | D:3      | Noticed an angel
  1612 | D:3      | Noticed Grinder
  1646 | D:2      | Reached skill level 1 in Poison Magic
  1684 | D:3      | Noticed Ijyb
  1863 | D:3      | Slain by Ijyb

Illustrated notes

Levels and vault maps discovered:
D:1:      elethiomel_arrival_quiet, layout_rooms,
          dreamdust_ecumenical_altar_sealed_demon, minmay_pentomino_q2
D:2:      layout_basic, serial_shops, nicolae_book_shop_shelving,
          minmay_goblin_outpost
D:3:      layout_loops_corners, zin_angel, serial_shops,
          nicolae_shop_temple_entry_statues_fountains, guppyfry_early_orc_mine,
          uniq_ijyb, uniq_grinder

Skill      XL: |  1  2  3 |
---------------+----------+-----
Short Blades   | 3 |  3.3
Dodging        | 3 |  3.1
Poison Magic   | 1 |  1.0
Fighting       | |  3.5
Armour         | |  0.4

Action                     || total
---------------------------++-------
  Melee: Short sword       ||    81
         Dagger            ||    84
  Evoke: Wand              ||    11
 Armour: Robe              ||     4
         Ring mail         ||    35
  Dodge: Dodged            ||    73
